2197 views
Uploaded 2023-12-23 03:17:19
Game version 1.36 (6115)
11:44 long 1on1 custom game on w3c_s16_Tidehunters_v1.2
Game name "re"
Saved by dexon
2197 views
Uploaded 2023-12-23 03:17:19
Game version 1.36 (6115)
11:44 long 1on1 custom game on w3c_s16_Tidehunters_v1.2
Game name "re"

29 units @ 3.9k
/ 0.3k
12 buildings @ 1.4k
/ 0.5k


| Scroll of Regeneration | 1 | 100 |
| Boots of Speed | 1 | 250 |
| Circlet of Nobility | 1 | 175 |
| total: | 3 | 525g |
| Peasant | 10 | 750 | / | 0 |
| Footman | 5 | 675 | / | 0 |
| Rifleman | 7 | 1435 | / | 210 |
| Priest | 3 | 405 | / | 30 |
| Spell Breaker | 1 | 215 | / | 30 |
| Sorceress | 3 | 465 | / | 60 |
| total: | 29 | 3945g | / | 330w |
| Altar of Kings | 1 | 180 | / | 50 |
| Barracks | 1 | 160 | / | 60 |
| Farm | 6 | 480 | / | 120 |
| Blacksmith | 1 | 140 | / | 60 |
| Lumber Mill | 1 | 120 | / | 0 |
| Arcane Vault | 1 | 130 | / | 30 |
| Arcane Sanctum | 1 | 150 | / | 140 |
| Keep | 1 | 320 | / | 210 |
| total: | 12 | 1360g | / | 460w |
| 0:01 | Peasant |
| 0:02 | Peasant |
| 0:06 | Altar of Kings |
| 0:08 | Barracks |
| 0:13 | Farm |
| 0:24 | Peasant |
| 0:34 | Peasant |
| 0:52 | Farm |
| 1:04 | Peasant |
| 1:11 | Footman |
| 1:15 | Peasant |
| 1:23 | Peasant |
| 1:36 | Footman |
| 1:46 | Peasant |
| 1:52 | Farm |
| 2:02 | Peasant |
| 2:16 | Summon Water Elemental |
| 2:29 | Footman |
| 2:31 | Peasant |
| 2:57 | Keep |
| 3:05 | Footman |
| 3:25 | Blacksmith |
| 3:31 | Lumber Mill |
| 3:33 | Brilliance Aura |
| 3:42 | Footman |
| 4:13 | Farm |
| 5:07 | Summon Water Elemental |
| 5:13 | Boots of Speed |
| 5:13 | Circlet of Nobility |
| 5:18 | Arcane Vault |
| 5:34 | Arcane Sanctum |
| 5:51 | Farm |
| 6:01 | Rifleman |
| 6:19 | Storm Bolt |
| 6:49 | Rifleman |
| 6:50 | Priest |
| 6:52 | Farm |
| 6:57 | Scroll of Regeneration |
| 7:16 | Rifleman |
| 7:37 | Spell Breaker |
| 7:41 | Sorceress |
| 7:56 | Rifleman |
| 7:59 | Black Gunpowder |
| 8:20 | Rifleman |
| 8:26 | Bash |
| 8:40 | Priest |
| 9:15 | Brilliance Aura |
| 9:24 | Sorceress |
| 9:25 | Rifleman |
| 9:41 | Sorceress |
| 10:09 | Bash |
| 10:55 | Rifleman |
| 10:55 | Priest |
| 11:30 | Brilliance Aura |
| Right click | 475 |
| Select group | 236 |
| Select | 235 |
| Build/train/purchase | 63 |
| Misc. action | 36 |
| Assign group | 30 |
| Use ability | 11 |
| Item give/drop | 1 |
| Remove unit | 1 |
28 units @ 2.7k
/ 0.5k
12 buildings @ 2.2k
/ 0.9k


| Staff of Preservation | 1 | 150 |
| Moonstone | 2 | 100 |
| Potion of Healing | 2 | 300 |
| Scroll of Town Portal | 1 | 350 |
| total: | 6 | 900g |
| Wisp | 15 | 900 | / | 0 |
| Archer | 5 | 650 | / | 50 |
| Dryad | 8 | 1160 | / | 480 |
| total: | 28 | 2710g | / | 530w |
| Altar of Elders | 1 | 180 | / | 50 |
| Moon Well | 5 | 900 | / | 200 |
| Ancient of War | 1 | 150 | / | 60 |
| Hunter's Hall | 1 | 210 | / | 100 |
| Ancient of Wonders | 1 | 90 | / | 30 |
| Tree of Life | 1 | 340 | / | 185 |
| Ancient of Lore | 2 | 310 | / | 290 |
| Tree of Ages | 1 | 320 | / | 180 |
| Tree of Eternity | 1 | 330 | / | 200 |
| total: | 12 | 2180g | / | 915w |
| 0:02 | Wisp |
| 0:02 | Wisp |
| 0:05 | Altar of Elders |
| 0:17 | Moon Well |
| 0:21 | Ancient of War |
| 0:29 | Wisp |
| 0:37 | Wisp |
| 0:48 | Wisp |
| 0:56 | Wisp |
| 1:13 | Wisp |
| 1:22 | Archer |
| 1:31 | Moon Well |
| 1:34 | Wisp |
| 2:08 | Mana Burn |
| 2:22 | Wisp |
| 2:38 | Tree of Ages |
| 2:47 | Archer |
| 2:47 | Archer |
| 3:01 | Hunter's Hall |
| 3:16 | Archer |
| 3:40 | Ancient of Wonders |
| 3:43 | Evasion |
| 4:02 | Moon Well |
| 4:20 | Archer |
| 5:00 | Ancient of Lore |
| 5:02 | Ancient of Lore |
| 5:19 | Wisp |
| 5:19 | Wisp |
| 5:20 | Wisp |
| 5:23 | Staff of Preservation |
| 5:23 | Moonstone |
| 5:42 | Frost Arrows |
| 5:51 | Mana Burn |
| 5:58 | Wisp |
| 6:48 | Dryad |
| 6:59 | Wisp |
| 7:10 | Abolish Magic |
| 7:12 | Dryad |
| 7:19 | Tree of Life |
| 8:02 | Scroll of Town Portal |
| 8:03 | Potion of Healing |
| 8:06 | Druid of the Claw Adept Training |
| 8:15 | Moonstone |
| 8:21 | Moon Well |
| 8:23 | Moon Well |
| 8:27 | Strength of the Wild |
| 9:21 | Dryad |
| 9:21 | Dryad |
| 9:36 | Forked Lightning |
| 9:42 | Tree of Eternity |
| 9:47 | Wisp |
| 10:24 | Dryad |
| 10:25 | Dryad |
| 10:31 | Potion of Healing |
| 11:19 | Dryad |
| 11:20 | Dryad |
| Right click | 675 |
| Select | 248 |
| Select group | 122 |
| Build/train/purchase | 55 |
| Assign group | 31 |
| Use ability | 23 |
| Chat | 4 |
| Item give/drop | 3 |
| Esc | 1 |